AoeStats
← Ouki-San

Fortress

507649208Analyzed
4v4 RM · 14d ago on Sep 19, 2026· 29m 22s· 8 players
Game mode
Random Map
Map size
Huge
Population
200
Speed
Normal
Resources
Standard
Victory
Conquest
Starting age
Dark Age
Ending age
Imperial Age
RankedLock teamsTeams togetherTeam positionsShared explorationLock speedFull tech treeHidden civsTurbo modeCheats
Victory
Defeat
🇹🇼 Japanese · Taiwan
1331
+13
🇨🇳 Spanish · China
1314
+14
🇨🇳 Wu · China
1255
+17
🇨🇳 Bohemians · China
1202
+19
🇨🇴 Persians · Colombia
1360
-19
🇫🇷 Khmer · France
1247
-15
🇨🇴 Ethiopians · Colombia
1245
-15
🇨🇱 Bohemians · Chile
1221
-14
不会进攻
6:30 Feudal Age
11:18 Castle Age
9:53 Double-Bit Axe
10:09 Horse Collar
14:04 Loom
19:56 Fletching
21:45 Wheelbarrow
21:41 Padded Archer Armor
25:45 Bodkin Arrow
26:54 Ballistics
26:52 Leather Archer Armor
31:05 Imperial Age
28:54 Hand Cart
29:13 Treadmill Crane
29:44 Masonry
29:57 Scale Mail Armor
30:07 Forging
HPer
7:14 Feudal Age
7:33 Feudal Age
8:15 Double-Bit Axe
11:17 Castle Age
9:05 Horse Collar
12:07 Bow Saw
16:38 Loom
19:13 Scale Mail Armor
20:06 Squires
21:40 Wheelbarrow
21:42 Forging
22:44 Gold Mining
22:47 Stone Mining
23:39 Chain Mail Armor
24:42 Hand Cart
26:20 Heavy Plow
30:26 Imperial Age
29:16 Iron Casting
29:20 Gold Shaft Mining
28:52 Fletching
精锐磁暴步兵
7:10 Feudal Age
7:33 Horse Collar
7:39 Double-Bit Axe
9:15 Loom
12:16 Castle Age
11:43 Gold Mining
13:36 Husbandry
14:30 Padded Archer Armor
18:03 Fervor
19:28 Wheelbarrow
20:44 Town Watch
21:15 Hand Cart
22:20 Leather Archer Armor
24:13 Bloodlines
28:55 Imperial Age
26:48 Heavy Plow
27:00 Bow Saw
27:12 Scale Mail Armor
26:33 Pikeman
27:13 Squires
28:23 Chain Mail Armor
28:10 Squires
29:19 Forging
30:06 Conscription
30:19 Ring Archer Armor
727049154
7:32 Feudal Age
11:33 Castle Age
9:31 Double-Bit Axe
10:20 Horse Collar
14:24 Loom
15:26 Wheelbarrow
15:06 Bow Saw
27:01 Imperial Age
25:22 Hand Cart
25:18 Heavy Plow
27:26 Chemistry
26:07 Treadmill Crane
26:05 Pikeman
26:45 Squires
26:49 Scale Mail Armor
27:34 Forging
27:27 Houfnice
29:32 Two-Man Saw
28:50 Chain Mail Armor
29:18 Conscription
28:28 Halberdier
29:49 Iron Casting
29:34 Arson
[TEMPLE]Al.Alejandr22
8:06 Feudal Age
8:57 Double-Bit Axe
11:51 Castle Age
9:52 Fletching
14:17 Bow Saw
14:41 Crossbowman
23:43 Imperial Age
22:36 Padded Archer Armor
22:43 Horse Collar
23:38 Bodkin Arrow
25:04 Bracer
26:41 Leather Archer Armor
27:59 Ballistics
28:21 Arbalester
Ouki-San
7:30 Feudal Age
11:24 Castle Age
9:34 Double-Bit Axe
9:38 Horse Collar
10:59 Gold Mining
14:48 Bow Saw
14:37 Loom
15:31 Wheelbarrow
14:44 Town Watch
16:25 Stone Mining
17:21 Heavy Plow
21:16 Husbandry
21:27 Bloodlines
21:25 Scale Barding Armor
SQ | dfLozanot
7:06 Feudal Age
10:51 Castle Age
9:09 Double-Bit Axe
11:37 Bow Saw
12:51 Loom
14:48 Horse Collar
16:35 Heavy Plow
22:10 Gold Mining
26:37 Imperial Age
25:00 Scale Barding Armor
25:58 Gold Shaft Mining
26:12 Chain Barding Armor
25:52 Stone Mining
26:51 Wheelbarrow
26:02 Town Watch
27:32 Plate Barding Armor
26:59 Husbandry
27:13 Bloodlines
28:08 Masonry
29:02 Two-Man Saw
28:37 Crop Rotation
28:30 Conscription
28:58 Forging
29:03 Murder Holes
bastianbps
7:34 Feudal Age
11:18 Castle Age
9:52 Double-Bit Axe
9:53 Loom
10:45 Horse Collar
18:22 Wheelbarrow
24:51 Imperial Age
Connection lost

Rejoining the realm…

Still unreachable

The connection could not be restored.

Session expired

The server has moved on; the page needs a fresh start.